 Dungeon Crawl Stone Soup version 0.31-a0-848-gaac375c287 (webtiles) character file.

Game seed: 11020093415562492114

499 croobank the Covert (level 7, -2/49 HPs)
             Began as an Octopode Delver on Oct 4, 2023.
             Succumbed to Edmund's poison
             ... on level 4 of the Dungeon.
             The game lasted 00:10:22 (3145 turns).

croobank the Covert (Octopode Delver)               Turns: 3145, Time: 00:10:23

Health: -2/49      AC:  1    Str: 12    XL:     7   Next: 16%
Magic:  7/7        EV: 14    Int: 14    God:
Gold:   118        SH:  0    Dex: 13    Spells: 6/6 levels left

rFire   . . .        a - +0 short sword
rCold   . . .        (no shield)
rNeg    + . .        (helmet restricted)
rPois   .            (no amulet)
rElec   .            c - ring of positive energy
rCorr   .            (no ring)
SInv    .            (no ring)
Will    .....        (no ring)
Stlth   +++++        (no ring)
HPRegen 0.28/turn    (no ring)
MPRegen 0.10/turn    (no ring)
                     (no ring)

%: no passive effects
@: lethally poisoned (-2 -> -24), hasted, very quick
A: almost no armour, amphibious, 8 rings, camouflage 1, gelatinous body 1,
(nimble swimmer 1), tentacles
a: no special abilities


You were on level 4 of the Dungeon.
You visited 1 branch of the dungeon, and saw 6 of its levels.

You collected 118 gold pieces.

Inventory:

Hand Weapons
 a - a +0 short sword (weapon)
 q - a +0 morningstar
 u - a +0 war axe
Missiles
 s - 11 poisoned darts
Magical Staves
 t - a staff of fire
Jewellery
 c - a ring of positive energy (left tentacle)
Wands
 f - a wand of digging (3)
 x - a wand of polymorph (7)
Scrolls
 b - a scroll of fog
 d - 3 scrolls of immolation {unknown}
 h - 3 scrolls of teleportation {unknown}
 j - a scroll of summoning {unknown}
 l - a scroll of amnesia {unknown}
 n - a scroll of enchant weapon {unknown}
 p - 2 scrolls of blinking {unknown}
 r - 3 scrolls of identify {unknown}
 v - 3 scrolls of noise {unknown}
 w - 3 scrolls of enchant armour {unknown}
Potions
 g - 2 potions of might {unknown}
 i - 2 potions of magic
 k - 2 potions of curing {unknown}
 m - 2 potions of heal wounds {unknown}
 o - 2 potions of mutation {unknown}


   Skills:
 + Level 4.6 Fighting
 + Level 4.1 Short Blades
 + Level 4.0 Dodging
 + Level 8.5 Stealth


You had 6 spell levels left.
You didn't know any spells.
Your spell library contained the following spells:

 Spells                   Type           Power      Damage    Failure   Level
 Sublimation of Blood     Necr           0%         N/A       41%         2
 Petrify                  Tmut/Erth      0%         N/A       96%         4
 Irradiate                Conj/Tmut      0%         3d11      100%        5


Dungeon Overview and Level Annotations

Branches:
Dungeon (6/15)
 Temple: D:4-7

Altars:
Cheibriados
Okawaru

Annotations:
D:4 Edmund
D:5 1 runed translucent door, Crazy Yiuf


Innate Abilities, Weirdness & Mutations

You cannot wear most types of armour.
You are amphibious.
You can wear up to eight rings at the same time.
Your skin changes colour to match your surroundings (Stealth+).
Your rubbery body absorbs attacks. (AC +1, EV +1)
((You are camouflaged when in or above water. (Stealth+)))
You have tentacles for arms and can constrict up to eight enemies at once.


Message History

Found a lead wand.
Found 8 stones.
x - a wand of polymorph (7)
Found a scroll labelled VENOXK SIED.
Edmund the Younger comes into view.
He is wielding a +2 dire flail of venom.
The helpless Edmund fails to defend himself.
You impale Edmund!! You grab Edmund. You squeeze Edmund.
Edmund is heavily wounded.
You constrict Edmund, but do no damage. Edmund misses you.
You hit Edmund but do no damage.
You tentacle-slap Edmund, but do no damage.
Edmund is heavily wounded.
You constrict Edmund, but do no damage.
Edmund hits you with a +2 dire flail of venom!
You are poisoned.
You hit Edmund but do no damage.
Edmund is heavily wounded.
You constrict Edmund, but do no damage.
You feel very sick. Edmund completely misses you.
You hit Edmund but do no damage. You squeeze Edmund.
Edmund is heavily wounded.
You constrict Edmund.
You feel very sick. Edmund barely misses you.
You hit Edmund but do no damage.
Edmund is severely wounded.
You constrict Edmund, but do no damage.
You feel very sick.
You feel yourself speed up.
You constrict Edmund.
You feel sick.
Edmund hits you with a +2 dire flail of venom!
You hit Edmund.
Edmund is severely wounded.
You constrict Edmund, but do no damage.
You feel sick.
Edmund hits you with a +2 dire flail of venom!
* * * LOW HITPOINT WARNING * * *
You are more poisoned.
It was a potion of magic.
Magic courses through your body.
You constrict Edmund, but do no damage.
You die...

#.......##.# #
#.......##.# .#
#.......##.###.# #
######.........#.###
....................
########..........###
#....(........
####.###......
#..@@.?## ########


You could see Edmund.

Vanquished Creatures
  Eustachio (D:5)
  An ogre (D:5)
  A phantom (D:5)
  Terence (D:2)
  Natasha (thrice) (D:2)
  3 adders
  An ufetubus (D:5)
  3 worms (D:2)
  2 dart slugs
  3 orcs
  3 endoplasms
  A giant cockroach (D:3)
  7 goblins
  6 hobgoblins
  3 kobolds
  A quokka (D:2)
  5 ball pythons
  4 bats
  3 frilled lizards
  4 rats (D:2)
56 creatures vanquished.

Notes
Turn   | Place    | Note
-------+----------+-------------------------------------------
     0 | D:5      | croobank the Octopode Delver began the quest for the Orb.
     0 | D:5      | Reached XP level 1. HP: 16/16 MP: 1/1
     1 | D:6      | Noticed an ogre
     2 | D:6      | Noticed a howler monkey
    18 | D:5      | Noticed a phantom
    22 | D:5      | Killed a phantom
    23 | D:5      | Reached skill level 7 in Stealth
    23 | D:5      | Reached XP level 2. HP: 17/21 MP: 2/2
    23 | D:5      | Reached XP level 3. HP: 21/26 MP: 3/3
    23 | D:5      | Reached XP level 4. HP: 26/32 MP: 4/4
    60 | D:5      | Noticed Eustachio
    68 | D:5      | Found a snail-covered altar of Cheibriados.
    82 | D:5      | HP: 1/32 [Eustachio/+0 falchion (10)]
    83 | D:5      | Killed Eustachio
    84 | D:5      | Reached XP level 5. HP: 2/37 MP: 5/5
    95 | D:5      | Noticed a black bear
   313 | D:5      | Found a runed translucent door.
   314 | D:5      | Noticed Crazy Yiuf
   421 | D:5      | Noticed an ogre
   426 | D:5      | Killed an ogre
   427 | D:5      | Reached skill level 8 in Stealth
   427 | D:5      | Reached XP level 6. HP: 43/43 MP: 6/6
   538 | D:2      | Noticed Natasha
   548 | D:2      | Killed Natasha
   688 | D:2      | Noticed Natasha
   694 | D:2      | Killed Natasha
  1069 | D:1      | Found a faded altar of an unknown god.
  1399 | D:2      | Noticed Terence
  1409 | D:2      | Killed Terence
  1728 | D:2      | Reached XP level 7. HP: 49/49 MP: 7/7
  1946 | D:2      | Noticed Natasha
  1956 | D:2      | Killed Natasha
  2165 | D:3      | Found an iron altar of Okawaru.
  2503 | D:3      | Upgraded the game from 0.31-a0-846-gb3bcc0d938 to
                  | 0.31-a0-848-gaac375c287
  3135 | D:4      | Noticed Edmund
  3144 | D:4      | HP: 2/49 [Edmund/+2 dire flail of venom (15)]
  3145 | D:4      | Succumbed to Edmund's poison

Illustrated notes

Levels and vault maps discovered:
D:1:      dpeg_arrival_orchard, layout_rooms, hellmonk_ecumenical_altar_run_dry
D:2:      layout_loops_corners, uniq_natasha, uniq_terence
D:3:      layout_basic, nicolae_overflow_crystal_walls
D:4:      layout_loops_ring, temple_hall_moat, serial_shops,
          nicolae_shop_getting_attention, uniq_edmund, uniq_grinder
D:5:      layout_basic, overflow_temple_1_default, nicolae_wormholes,
          uniq_menkaure, uniq_eustachio, uniq_crazy_yiuf_cottage
D:6:      layout_loops_cross, mainiacjoe_overflow_tiny_flanked,
          grunt_ministairs_15, dreamdust_mushroom_princess

Skill      XL: |  1  2  3  4  5  6  7 |
---------------+----------------------+-----
Stealth        | 7 8 |  8.5
Fighting       | 4 |  4.6
Short Blades   | 3 4 |  4.1
Dodging        | 3 4 |  4.0

Action                     |  1- 3 |  4- 6 |  7- 9 || total
---------------------------+-------+-------+-------++-------
  Melee: Short sword       |     4 |    84 |    36 ||   124
         Tentacles         |     2 |    22 |     7 ||    31
         Constrict         |     1 |    12 |     7 ||    20
         Punch             |       |     1 |     1 ||     2
    Use: Scroll            |       |     2 |       ||     2
         Potion            |       |       |     2 ||     2
   Stab: Sleeping          |     1 |    23 |     8 ||    32
         Distracted        |       |       |     1 ||     1
 Armour: Skin              |     1 |    30 |    11 ||    42
  Dodge: Dodged            |     3 |    35 |    13 ||    51

Table legend: (Time is in decaauts)
 A = Elapsed time spent in this place.
 B = Non-inter-level travel time spent in this place.
 C = Inter-level travel time spent in this place.
 D = Time resting spent in this place.
 E = Time spent auto-exploring this place.
 F = Levels seen in this place.
 G = Mean time per level.
                   A        B        C        D        E       F      G
               +--------+--------+--------+--------+--------+-----+--------+
         Total |   3120 |   2970 |    150 |    382 |   1988 |   6 |  520.0 |
       Dungeon |   3120 |   2970 |    150 |    382 |   1988 |   6 |  520.0 |
               +--------+--------+--------+--------+--------+-----+--------+

Top non-repeatable levels by time:
     D:2: 1091 daAuts
     D:3: 966 daAuts
     D:1: 499 daAuts
     D:5: 457 daAuts
     D:4: 103 daAuts
     D:6: 1 daAuts
